APL (24 & UNDER)
DUNEDIN BLUE JAYS @ SAVANNAH HOGS
06/16/2025
 
TOP OF THE 1ST
Dunedin Blue Jays batting - Pitching for Savannah Hogs : LHP Guy Sewell
Pitching: LHP Guy Sewell
Batting: RHB António Aguilar 0-0: Ball
1-0: Ball
2-0: Ball
3-0: Base on Balls
Batting: RHB Si-xun Li 0-0: SINGLE (Groundball, 56D)
António Aguilar to second
Batting: RHB Ricky White 0-0: Foul Ball, location: 2F
0-1: SINGLE (Groundball, 4MD)
António Aguilar to third
Si-xun Li to second
Runner from 3rd tries for Home, SAFE, throw made at trailing runner, SAFE at third!
Batting: RHB Franklin Lawrence 0-0: Called Strike
0-1: Ball
1-1: Ball
2-1: Ground out 4-3 (Groundball, 4M)
Si-xun Li scores
Ricky White to second
Batting: RHB Rafael Carreón 0-0: Ball
1-0: Ball
2-0: Ball
3-0: Called Strike
3-1: Base on Balls
Batting: LHB Milo Powers 0-0: Ball
1-0: Foul Ball, location: 2F
1-1: Swinging Strike
1-2: Strikes out looking
Batting: RHB Andrew O'Dell 0-0: Ground out 6-3 (Groundball, 5S)
Top of the 1st over - 2 run(s), 2 hit(s), 0 error(s), 2 left on base; Dunedin 2 - Savannah 0
BOTTOM OF THE 1ST
Savannah Hogs batting - Pitching for Dunedin Blue Jays : RHP José Salinas
Pitching: RHP José Salinas
Batting: RHB Domingo Romero 0-0: Called Strike
0-1: Ball
1-1: Ground out 5-3 (Groundball, 56S)
Batting: RHB Jesús Cabrera 0-0: Foul Ball, location: 2F
0-1: Swinging Strike
0-2: Foul Ball, location: 2F
0-2: Fly out, F5 (Line Drive, 5)
Batting: LHB Ramón Morales 0-0: Called Strike
0-1: Swinging Strike
0-2: Strikes out swinging
Bottom of the 1st over - 0 run(s), 0 hit(s), 0 error(s), 0 left on base; Dunedin 2 - Savannah 0
TOP OF THE 2ND
Dunedin Blue Jays batting - Pitching for Savannah Hogs : LHP Guy Sewell
Batting: RHB David Castillo 0-0: Called Strike
0-1: Swinging Strike
0-2: Strikes out swinging
Batting: RHB Albert Alemán 0-0: Ball
1-0: Ball
2-0: Ball
3-0: Called Strike
3-1: Base on Balls
Batting: RHB António Aguilar 0-0: Foul Ball, location: 2F
0-1: Foul Ball, location: 2F
0-2: Foul Ball, location: 2F
0-2: Ball
1-2: Strikes out swinging
Batting: RHB Si-xun Li 0-0: Called Strike
0-1: Ball
1-1: Ball
Single, Error in OF, E7, batter to second base
Albert Alemán to third
Batting: RHB Ricky White 0-0: Called Strike
0-1: Foul Ball, location: 2F
0-2: Fly out, F9 (Flyball, 9M)
Top of the 2nd over - 0 run(s), 1 hit(s), 1 error(s), 2 left on base; Dunedin 2 - Savannah 0
BOTTOM OF THE 2ND
Savannah Hogs batting - Pitching for Dunedin Blue Jays : RHP José Salinas
Batting: LHB Ivan Costello 0-0: Ball
1-0: Ball
2-0: Ball
3-0: Base on Balls
Batting: RHB Remi Eruzione 0-0: Ball
1-0: Swinging Strike
1-1: Foul Ball, location: 2F
1-2: Ball
2-2: Grounds into double play, 4-6-3 (Groundball, 4)
Batting: LHB Pedro Medine 0-0: Called Strike
0-1: Ball
1-1: SINGLE (Flyball, 7S)
Batting: LHB Denny Poole 0-0: Called Strike
0-1: Ball
1-1: Foul Ball, location: 2F
1-2: Strikes out swinging
Bottom of the 2nd over - 0 run(s), 1 hit(s), 0 error(s), 1 left on base; Dunedin 2 - Savannah 0
TOP OF THE 3RD
Dunedin Blue Jays batting - Pitching for Savannah Hogs : LHP Guy Sewell
Batting: RHB Franklin Lawrence 0-0: Foul Ball, location: 2F
0-1: Ball
1-1: Called Strike
1-2: Foul Ball, location: 2F
1-2: Foul Ball, location: 2F
1-2: Strikes out swinging
Batting: RHB Rafael Carreón 0-0: Ball
1-0: Swinging Strike
1-1: Foul Ball, location: 2F
1-2: Strikes out swinging
Batting: LHB Milo Powers 0-0: Fly out, F5 (Popup, 5F)
Top of the 3rd over - 0 run(s), 0 hit(s), 0 error(s), 0 left on base; Dunedin 2 - Savannah 0
BOTTOM OF THE 3RD
Savannah Hogs batting - Pitching for Dunedin Blue Jays : RHP José Salinas
Batting: RHB Miguel Toro 0-0: Ball
1-0: Swinging Strike
1-1: Foul Ball, location: 2F
1-2: Ball
2-2: Strikes out looking
Batting: RHB Javier Músquez 0-0: Called Strike
0-1: Foul Ball, location: 2F
0-2: Ball
1-2: Ball
2-2: Strikes out swinging
Batting: RHB Domingo Romero 0-0: Swinging Strike
0-1: Ball
1-1: Called Strike
1-2: Ball
2-2: Foul Ball, location: 2F
2-2: Strikes out swinging
Bottom of the 3rd over - 0 run(s), 0 hit(s), 0 error(s), 0 left on base; Dunedin 2 - Savannah 0
TOP OF THE 4TH
Dunedin Blue Jays batting - Pitching for Savannah Hogs : LHP Guy Sewell
Batting: RHB Andrew O'Dell 0-0: Ball
1-0: Foul Ball, location: 2F
1-1: Foul Ball, location: 2F
1-2: Fly out, F5 (Line Drive, 56)
Batting: RHB David Castillo 0-0: Called Strike
0-1: Ground out 5-3 (Groundball, 56)
Batting: RHB Albert Alemán 0-0: Called Strike
0-1: Called Strike
0-2: Ball
1-2: Ball
2-2: Foul Ball, location: 2F
2-2: Ball
3-2: Base on Balls
Batting: RHB António Aguilar 0-0: Ball
1-0: Swinging Strike
1-1: Ball
2-1: Ball
3-1: Base on Balls
Albert Alemán to second
Batting: RHB Si-xun Li 0-0: Foul Ball, location: 2F
0-1: Ball
1-1: Ball
2-1: Called Strike
2-2: Fly out, F3 (Popup, 3F)
Top of the 4th over - 0 run(s), 0 hit(s), 0 error(s), 2 left on base; Dunedin 2 - Savannah 0
BOTTOM OF THE 4TH
Savannah Hogs batting - Pitching for Dunedin Blue Jays : RHP José Salinas
Batting: RHB Jesús Cabrera 0-0: Ball
1-0: Swinging Strike
1-1: Swinging Strike
1-2: Strikes out swinging
Batting: LHB Ramón Morales 0-0: Foul Ball, location: 2F
0-1: Ground out U3 (Groundball, 3L)
Batting: LHB Ivan Costello 0-0: Ball
1-0: Called Strike
1-1: Ball
2-1: Foul Ball, location: 2F
2-2: Foul Ball, location: 2F
2-2: Strikes out swinging
Bottom of the 4th over - 0 run(s), 0 hit(s), 0 error(s), 0 left on base; Dunedin 2 - Savannah 0
TOP OF THE 5TH
Dunedin Blue Jays batting - Pitching for Savannah Hogs : LHP Guy Sewell
Batting: RHB Ricky White 0-0: Called Strike
0-1: Ball
1-1: Foul Ball, location: 2F
1-2: Foul Ball, location: 2F
1-2: Ground out 6-3 (Groundball, 6M)
Batting: RHB Franklin Lawrence 0-0: SINGLE (Groundball, 3D)
Batting: RHB Rafael Carreón 0-0: Ball
Franklin Lawrence steals 2nd base
1-0: Ground out 5-3 (Groundball, 56S)
Franklin Lawrence to third
Batting: LHB Milo Powers 0-0: DOUBLE (Flyball, 89XD)
Franklin Lawrence scores
Batting: RHB Andrew O'Dell 0-0: Ball
1-0: Reached on error, E5 (Groundball, 56S)
Milo Powers scores
Pitching: RHP Jorge Durán
Batting: RHB David Castillo 0-0: Ball
1-0: Called Strike
1-1: Foul Ball, location: 2F
1-2: Strikes out swinging
Top of the 5th over - 2 run(s), 2 hit(s), 1 error(s), 1 left on base; Dunedin 4 - Savannah 0
BOTTOM OF THE 5TH
Savannah Hogs batting - Pitching for Dunedin Blue Jays : RHP José Salinas
Batting: RHB Remi Eruzione 0-0: Foul Ball, location: 2F
0-1: Foul Ball, location: 2F
0-2: Strikes out swinging
Batting: LHB Pedro Medine 0-0: Ball
1-0: Called Strike
1-1: Fly out, F2 (Popup, 2LF)
Batting: LHB Denny Poole 0-0: Ball
1-0: Foul Ball, location: 2F
1-1: Ball
2-1: Foul Ball, location: 2F
2-2: Foul Ball, location: 2F
2-2: Ball
3-2: Strikes out looking
Bottom of the 5th over - 0 run(s), 0 hit(s), 0 error(s), 0 left on base; Dunedin 4 - Savannah 0
TOP OF THE 6TH
Dunedin Blue Jays batting - Pitching for Savannah Hogs : RHP Jorge Durán
Batting: RHB Albert Alemán 0-0: Ball
1-0: Ball
2-0: Ball
3-0: Base on Balls
Batting: RHB António Aguilar 0-0: Ball
1-0: Ball
2-0: Called Strike
2-1: Fly out, F7 (Flyball, 7LD)
Batting: RHB Si-xun Li 0-0: Called Strike
0-1: Called Strike
0-2: Foul Ball, location: 2F
0-2: Ball
1-2: Foul Ball, location: 2F
1-2: Strikes out looking
Batting: RHB Ricky White 0-0: Ball
1-0: Ball
2-0: Swinging Strike
2-1: Ball
3-1: SINGLE (Line Drive, 8RS)
Albert Alemán to second
Runner from 2nd tries for 3rd, SAFE, throw made to third
Batting: RHB Franklin Lawrence 0-0: Called Strike
0-1: Ball
1-1: Called Strike
Ricky White steals 2nd base
1-2: Ball
2-2: Ball
3-2: Strikes out swinging
Top of the 6th over - 0 run(s), 1 hit(s), 0 error(s), 2 left on base; Dunedin 4 - Savannah 0
BOTTOM OF THE 6TH
Savannah Hogs batting - Pitching for Dunedin Blue Jays : RHP José Salinas
Batting: RHB Miguel Toro 0-0: Fly out, F6 (Popup, 56D)
Batting: RHB Javier Músquez 0-0: Ball
1-0: Swinging Strike
1-1: Foul Ball, location: 2F
1-2: Ball
2-2: Foul Ball, location: 2F
2-2: Strikes out swinging
Batting: RHB Domingo Romero 0-0: Ball
1-0: Foul Ball, location: 2F
1-1: Foul Ball, location: 2F
1-2: Ground out 1-3 (Groundball, 13S)
Bottom of the 6th over - 0 run(s), 0 hit(s), 0 error(s), 0 left on base; Dunedin 4 - Savannah 0
TOP OF THE 7TH
Dunedin Blue Jays batting - Pitching for Savannah Hogs : RHP Jorge Durán
Batting: RHB Rafael Carreón 0-0: SINGLE (Groundball, 56D)
Batting: LHB Milo Powers 0-0: Swinging Strike
0-1: Fly out, F8 (Flyball, 78M)
Batting: RHB Andrew O'Dell 0-0: Ball
1-0: Ball
2-0: Foul Ball, location: 2F
2-1: SINGLE (Line Drive, 7S)
Rafael Carreón to second
Batting: RHB David Castillo 0-0: Ball
1-0: Swinging Strike
1-1: Ball
2-1: Ball
3-1: Base on Balls
Rafael Carreón to third
Andrew O'Dell to second
Pitching: RHP José Gonzáles
Batting: RHB Albert Alemán 0-0: Foul Ball, location: 2F
0-1: Swinging Strike
0-2: Ball
1-2: Foul Ball, location: 2F
1-2: Foul Ball, location: 2F
1-2: Strikes out swinging
Batting: RHB António Aguilar 0-0: Ball
1-0: Swinging Strike
1-1: Ball
2-1: Reached on error, E5 (Groundball, 56)
Rafael Carreón scores
Andrew O'Dell to third
David Castillo to second
Batting: RHB Si-xun Li 0-0: SINGLE (Groundball, 56D)
Andrew O'Dell scores
David Castillo to third
António Aguilar to second
Runner from 3rd tries for Home, SAFE, no throw or cutoff
Batting: RHB Ricky White 0-0: Called Strike
0-1: Ball
1-1: Ball
2-1: Swinging Strike
2-2: Ball
3-2: Foul Ball, location: 2F
3-2: Base on Balls
António Aguilar to third
Si-xun Li to second
Batting: RHB Franklin Lawrence 0-0: Ball
1-0: Ball
2-0: Ball
3-0: Base on Balls
António Aguilar scores
Si-xun Li to third
Ricky White to second
Batting: RHB Rafael Carreón 0-0: Ball
1-0: Foul Ball, location: 2F
1-1: Fly out, F4 (Line Drive, 4)
Top of the 7th over - 4 run(s), 3 hit(s), 1 error(s), 3 left on base; Dunedin 8 - Savannah 0
BOTTOM OF THE 7TH
Savannah Hogs batting - Pitching for Dunedin Blue Jays : RHP José Salinas
Batting: RHB Jesús Cabrera 0-0: Swinging Strike
0-1: Ball
1-1: Ball
2-1: Called Strike
2-2: Strikes out looking
Batting: LHB Ramón Morales 0-0: Ball
1-0: Called Strike
1-1: Ball
2-1: Ball
3-1: Foul Ball, location: 2F
3-2: Ground out 6-3 (Groundball, 6M)
Batting: LHB Ivan Costello 0-0: Called Strike
0-1: Ball
1-1: Ball
2-1: Fly out, F8 (Flyball, 8LXD)
Bottom of the 7th over - 0 run(s), 0 hit(s), 0 error(s), 0 left on base; Dunedin 8 - Savannah 0
TOP OF THE 8TH
Dunedin Blue Jays batting - Pitching for Savannah Hogs : RHP José Gonzáles
Batting: LHB Milo Powers 0-0: Called Strike
0-1: Ball
1-1: Ball
2-1: Foul Ball, location: 2F
2-2: Strikes out swinging
Batting: RHB Andrew O'Dell 0-0: Called Strike
0-1: SOLO HOME RUN (Flyball, 7D), Distance : 362 ft
Batting: RHB David Castillo 0-0: Ball
1-0: Ground out 1-3 (Groundball, 25)
Batting: RHB Albert Alemán 0-0: Ball
1-0: Ball
2-0: Called Strike
2-1: Foul Ball, location: 2F
2-2: Foul Ball, location: 2F
2-2: Ground out 6-3 (Groundball, 6)
Top of the 8th over - 1 run(s), 1 hit(s), 0 error(s), 0 left on base; Dunedin 9 - Savannah 0
BOTTOM OF THE 8TH
Savannah Hogs batting - Pitching for Dunedin Blue Jays : RHP José Salinas
Pitching: RHP Firmino Orsi
Batting: RHB Remi Eruzione 0-0: Hit by Pitch
Batting: LHB Pedro Medine 0-0: Called Strike
0-1: Foul Ball, location: 2F
0-2: Ball
1-2: Strikes out swinging
Batting: LHB Denny Poole 0-0: Called Strike
0-1: Fly out, F8 (Flyball, 8LD)
Batting: RHB Miguel Toro 0-0: Foul Ball, location: 2F
0-1: Called Strike
0-2: Fielders Choice at 2nd, 6-4 (Groundball, 6)
Bottom of the 8th over - 0 run(s), 0 hit(s), 0 error(s), 0 left on base; Dunedin 9 - Savannah 0
TOP OF THE 9TH
Dunedin Blue Jays batting - Pitching for Savannah Hogs : RHP José Gonzáles
Batting: RHB António Aguilar 0-0: Fly out, F7 (Flyball, 78M)
Batting: RHB Si-xun Li 0-0: Ball
1-0: Ball
2-0: SINGLE (Line Drive, 5D)
Pinch Hitting: RHB Harry Miller 0-0: Ball
1-0: Foul Ball, location: 2F
1-1: Ball
2-1: Fielders Choice at 2nd, 1-6 (Groundball, 23)
Batting: RHB Franklin Lawrence 0-0: Fly out, F8 (Flyball, 8RS)
Top of the 9th over - 0 run(s), 1 hit(s), 0 error(s), 1 left on base; Dunedin 9 - Savannah 0
BOTTOM OF THE 9TH
Savannah Hogs batting - Pitching for Dunedin Blue Jays : RHP Firmino Orsi
Now at SS: Harry Miller
Batting: RHB Javier Músquez 0-0: Ball
1-0: Ball
2-0: Ground out 5-3 (Groundball, 5)
Batting: RHB Domingo Romero 0-0: Called Strike
0-1: Reached on error, E6 (Groundball, 6)
Batting: RHB Jesús Cabrera 0-0: Ball
1-0: Called Strike
1-1: Foul Ball, location: 2F
1-2: Strikes out swinging
Batting: LHB Ramón Morales 0-0: Ground out 4-3 (Groundball, 4)
Bottom of the 9th over - 0 run(s), 0 hit(s), 1 error(s), 1 left on base; Dunedin 9 - Savannah 0
This league is powered by Out of the Park Baseball, the baseball management simulation game for PC, Mac and Linux
Tuesday, August 2nd, 2016 - OOTP Baseball 16.8 Build 38